 Dungeon Crawl Stone Soup version 0.20-a0-700-gbd4582c (webtiles) character file.

91 polly the Ducker (level 4, 0/34 HPs)
             Began as a Demonspawn Gladiator on Feb 21, 2017.
             Killed from afar by an orc wizard (6 damage)
             ... with a puff of flame
             ... on level 2 of the Dungeon.
             The game lasted 00:01:42 (1450 turns).

polly the Ducker (Demonspawn Gladiator)             Turns: 1450, Time: 00:01:42

Health: 0/34       AC:  7    Str: 15    XL:     4   Next: 33%
Magic:  4/4        EV: 13    Int: 10    God:
Gold:   116        SH:  0    Dex: 14    Spells: 3/3 levels left

rFire    . . .     SeeInvis .     - Unarmed
rCold    . . .     Gourm    .   b - +0 leather armour
rNeg     . . .     Faith    .   (no shield)
rPois    .         Spirit   .   c - +0 helmet
rElec    .         Reflect  .   (no cloak)
rCorr    .         Harm     .   (no gloves)
MR       .....                  h - +2 pair of boots
Stlth    +.........             (no amulet)
Regen    0.2/turn               (no ring)
MPRegen  0.1/turn               (no ring)

@: no status effects
A: claws 1, spiny 1
a: no special abilities


You were on level 2 of the Dungeon.
You were hungry.

You visited 1 branch of the dungeon, and saw 3 of its levels.

You collected 116 gold pieces.

Inventory:

Missiles
 d - 3 throwing nets (quivered)
 o - 7 silver javelins
Armour
 b - a +0 leather armour (worn)
 c - a +0 helmet (worn)
 h - a +2 pair of boots (worn)
Scrolls
 a - a scroll of fear {unknown}
 e - a scroll of teleportation {unknown}
 i - 3 scrolls of identify {unknown}
 m - a scroll of remove curse {unknown}
 n - a scroll of blinking {unknown}
Potions
 j - a potion of haste {unknown}
 k - a potion of degeneration {unknown}
 l - a potion of cancellation {unknown}
Comestibles
 f - 3 bread rations
 g - a royal jelly


   Skills:
 + Level 2.4 Fighting
   Level 2.9 Long Blades
 + Level 2.0 Throwing
 + Level 3.4 Dodging
 + Level 0.2 Stealth
 * Level 2.0 Unarmed Combat


You had 3 spell levels left.
You didn't know any spells.

Dungeon Overview and Level Annotations

Branches:
Dungeon (3/15)

Altars:
Fedhas
Gozag
Trog
Yredelemnul


Innate Abilities, Weirdness & Mutations

You have sharp fingernails.
You are partially covered in sharp spines.


Message History

The orc wizard blinks!
The orc wizard is struck by your spines.
The orc wizard hits you with a dagger of speed.
* * * LOW HITPOINT WARNING * * *
There is a stone staircase leading up here.
The orc wizard misses you.
The orc wizard points at you and mumbles some strange words.
The puff of frost hits you!
You climb upwards.
There is a stone staircase leading down here.
You completely miss the orc wizard.
The orc wizard is moderately wounded.
The orc wizard hits you but does no damage.
The orc wizard is struck by your spines.
The orc wizard hits you but does no damage.
You scratch the orc wizard but do no damage.
The orc wizard is heavily wounded.
The orc wizard points at you and mumbles some strange words.
The puff of flame hits you!
You die...

###### #....######
#....'....#
#....####o#######
#....####@......##########
###....##.................
####.########.#######...
#.########..# #...
#.......###.# ###.
#.......# #.## #.
#####.......###..# #.
#.............รท#.#### #.
#.####..............# #.


You could see an orc wizard.

Vanquished Creatures
  An orc wizard (D:3)
  An adder (D:3)
  An ooze (D:3)
  4 dart slugs
  3 leopard geckos
  An orc (D:3)
  4 bats
  A giant cockroach (D:3)
  5 goblins
  3 hobgoblins
  6 frilled lizards
  4 kobolds
  4 rats
38 creatures vanquished.

Notes
Turn   | Place    | Note
-------+----------+-------------------------------------------
     0 | D:1      | polly the Demonspawn Gladiator began the quest for the Orb.
     0 | D:1      | Reached XP level 1. HP: 16/16 MP: 1/1
   136 | D:1      | Reached skill level 3 in Dodging
   136 | D:1      | Gained mutation: You have sharp fingernails. [demonic ancestry]
   136 | D:1      | Reached XP level 2. HP: 17/22 MP: 2/2
   540 | D:2      | Reached XP level 3. HP: 27/27 MP: 3/3
   653 | D:2      | Found a blossoming altar of Fedhas.
   653 | D:2      | Found an opulent altar of Gozag.
   654 | D:2      | Found a bloodstained altar of Trog.
   667 | D:2      | Found a basalt altar of Yredelemnul.
  1338 | D:3      | Reached skill level 1 in Unarmed Combat
  1425 | D:3      | Gained mutation: You are partially covered in sharp spines. [demonic ancestry]
  1425 | D:3      | Reached XP level 4. HP: 23/34 MP: 4/4
  1450 | D:2      | Killed from afar by an orc wizard

Vault maps used:
D:1:      dpeg_arrival_connections, minmay_fountain_box, minmay_misc_feat_tower
D:2:      nicolae_overflow_quartered_altars
D:3:      first_bread, chequers_ecumenical_altar_simple_redux

Skill      XL: |  1  2  3 |
---------------+----------+-----
Throwing       | 2 |  2.0
Dodging        | 3 |  3.4
Unarmed Combat | 2 |  2.0
Fighting       | |  2.4
Long Blades    | |  2.9
Stealth        | |  0.2

Action                   |  1- 3 |  4- 6 || total
-------------------------+-------+-------++-------
Melee: Long sword        |    27 |       ||    27
       Unarmed           |    75 |    10 ||    85
 Stab: Sleeping          |     2 |       ||     2
  Eat: Chunk             |     1 |       ||     1
Armor: Leather armour    |    30 |     7 ||    37
Dodge: Dodged            |    75 |    15 ||    90
       Rpst.: Long sword |     8 |       ||     8
